 Dungeon Crawl Stone Soup version 0.24.0-1-gfbc8707122 (webtiles) character file.

Game seed: 4548205482162940526, levelgen mode: deterministic

1122 MTVSty1e the Basher (level 8, -13/46 HPs)
             Began as a Gargoyle Fighter on Oct 28, 2019.
             Blown up by Ijyb (29 damage)
             ... with a disintegration bolt
             ... on level 5 of the Dungeon.
             The game lasted 00:04:47 (4770 turns).

MTVSty1e the Basher (Gargoyle Fighter)              Turns: 4770, Time: 00:04:48

Health: -13/46     AC: 13    Str: 21 (22) XL:     8   Next: 35%
Magic:  8/8        EV:  7    Int:  8 (9)  God:
Gold:   213        SH:  9    Dex:  9      Spells: 7/7 levels left

rFire    . . .     SeeInvis .   a - +1 flail
rCold    . . .     Gourm    .   c - +0 shield
rNeg     + . .     Faith    .   b - +0 scale mail
rPois    ∞         Spirit   .   (no helmet)
rElec    +         Reflect  .   (no cloak)
rCorr    .         Harm     .   j - +0 pair of gloves
MR       +....                  (no boots)
Stlth    ..........             (no amulet)
HPRegen  0.15/turn              p - ring of protection from magic
MPRegen  0.11/turn              (no ring)

@: no status effects
A: negative energy resistance 1, electricity resistance, unbreathing,
petrification resistance, rot immunity, AC +5
a: no special abilities


You were on level 5 of the Dungeon.
You were hungry.

You visited 1 branch of the dungeon, and saw 5 of its levels.
You also visited: Sewer.

You collected 213 gold pieces.

Inventory:

Hand Weapons
 a - a +1 flail (weapon)
Armour
 b - a +0 scale mail (worn)
 c - a +0 shield (worn)
 j - a +0 pair of gloves (worn)
Jewellery
 p - a ring of protection from magic (left hand)
 r - an uncursed ring of protection from fire {unknown}
Wands
 d - a wand of flame (9)
 n - a wand of scattershot (6)
Scrolls
 e - a scroll of blinking
 g - 2 scrolls of remove curse
 h - 6 scrolls of identify
 k - a scroll of teleportation
 o - a scroll of immolation
 q - a scroll of enchant armour {unknown}
Potions
 i - 3 potions of flight
 l - 2 potions of curing
 m - a potion of heal wounds
Comestibles
 f - 13 rations


   Skills:
 - Level 3.2 Fighting
 + Level 9.8 Maces & Flails
 - Level 3.2 Armour
 - Level 3.2 Shields


You had 7 spell levels left.
You didn't know any spells.
Your spell library contained the following spells:

 Spells                   Type           Power        Failure   Level  Hunger
 Magic Dart               Conj           #...         99%         1    ##.....
 Shock                    Conj/Air       #...         99%         1    ##.....
 Blink                    Tloc           N/A          100%        2    ###....
 Call Imp                 Summ           #.......     100%        2    ###....
 Slow                     Hex            #.......     100%        2    ###....
 Swiftness                Chrm/Air       #.......     100%        2    ###....
 Conjure Flame            Conj/Fire      #.......     100%        3    ####...
 Mephitic Cloud           Conj/Pois/Air  #.......     100%        3    ####...
 Static Discharge         Conj/Air       #.......     100%        3    ####...
 Airstrike                Air            #.........   100%        4    #####..
 Lightning Bolt           Conj/Air       #.........   100%        5    ######.


Dungeon Overview and Level Annotations

Branches:
Dungeon (5/15)              Sewer (visited)
 Temple: D:4-7

Altars:
Cheibriados
Hepliaklqana
Nemelex Xobeh
Qazlal
Wu Jian

Annotations:
D:5 Ijyb


Innate Abilities, Weirdness & Mutations

You are resistant to torment.
Your stone body is resilient. (AC +5)
You are immune to poison.
You resist negative energy. (rN+)
You are resistant to electric shocks. (rElec)
You can survive without breathing.
You are immune to petrification.
You are immune to rotting.


Message History

No target in view!
You open the door.
There is an open door here.
You open the door.
Found a hazy altar of Hepliaklqana and a snail-covered altar of Cheibriados.
No target in view!
There is an open door here.
Found an ornate altar of the Wu Jian Council.
No target in view!
No target in view!
There is an open door here.
There is an open door here.
Ijyb the Twisted Goblin comes into view.
She is wielding a +3 dagger of venom and carrying a wand of disintegration (7).
Ijyb zaps a wand.
You are blasted!
Ouch! That really hurt!
Ijyb is nearby!
You are too injured to fight recklessly!
Ijyb zaps a wand.
You are blasted!
Ouch! That really hurt!
You die...

#.§###§.≈###≈.≈###≈.≈#
#.§≈≈≈§§§≈≈§§.≈≈§§§.≈≈
#...........§§........
#.≈≈≈≈≈.≈≈≈§§.≈≈≈≈≈.§§
#.§###≈.≈###§§≈###≈§≈#
#.≈# #§§§# #§.≈# #≈.≈#
##^≈###§§§###≈.≈###≈.≈#
#..≈§≈≈§§≈≈≈≈≈.≈≈≈≈≈.≈≈
#..§.§@................
#.#....#......+........
#......#......#........
###...g################
######


You could see Ijyb.

Vanquished Creatures
  Grinder (D:3)
  Menkaure (D:4)
  An ice beast (D:5)
  A big kobold (Sewer)
  Blork the orc (D:4)
  2 scorpions (D:5)
  A crimson imp (D:5)
  2 orc priests
  2 hounds
  2 iguanas (D:5)
  2 worker ants (D:4)
  A hound skeleton (D:5)
  3 adders
  8 gnolls
  A howler monkey skeleton (D:4)
  An ooze (D:5)
  2 worms
  2 dart slugs (D:1)
  A leopard gecko (D:5)
  15 orcs
  3 ball pythons
  5 giant cockroaches
  3 goblins
  6 hobgoblins
  8 jackals
  10 kobolds
  5 bats
  4 frilled lizards
  2 leopard gecko skeletons
  A leopard gecko zombie (D:5)
  15 rats
112 creatures vanquished.

Notes
Turn   | Place    | Note
-------+----------+-------------------------------------------
     0 | D:1      | MTVSty1e the Gargoyle Fighter began the quest for the Orb.
     0 | D:1      | Reached XP level 1. HP: 14/14 MP: 1/1
   198 | D:1      | Reached XP level 2. HP: 17/19 MP: 2/2
   265 | D:1      | Reached skill level 3 in Maces & Flails
  1064 | D:2      | Reached XP level 3. HP: 20/23 MP: 3/3
  1673 | D:3      | Noticed Grinder
  1692 | D:3      | Paralysed by Grinder for 2 turns
  1697 | D:3      | Killed Grinder
  1697 | D:3      | Reached skill level 6 in Maces & Flails
  1697 | D:3      | Reached XP level 4. HP: 2/28 MP: 4/4
  1697 | D:3      | Reached XP level 5. HP: 3/32 MP: 5/5
  1697 | D:3      | Reached XP level 6. HP: 3/37 MP: 6/6
  2356 | D:3      | Found a stormy altar of Qazlal.
  2494 | D:4      | Reached skill level 7 in Maces & Flails
  2633 | D:4      | Reached XP level 7. HP: 37/41 MP: 7/7
  2758 | D:4      | Noticed Blork the orc
  2765 | D:4      | Killed Blork the orc
  2932 | D:4      | Noticed Menkaure
  2949 | D:4      | Killed Menkaure
  2949 | D:4      | Reached skill level 8 in Maces & Flails
  3811 | D:5      | Entered Level 5 of the Dungeon
  4065 | D:5      | Reached skill level 9 in Maces & Flails
  4065 | D:5      | Reached XP level 8. HP: 21/46 MP: 8/8
  4079 | D:5      | Found a glowing drain.
  4082 | Sewer    | Entered a sewer
  4322 | Sewer    | Found a glowing silver altar of Zin.
  4416 | D:5      | Found a sparkling altar of Nemelex Xobeh.
  4706 | D:5      | Found a hazy altar of Hepliaklqana.
  4706 | D:5      | Found a snail-covered altar of Cheibriados.
  4708 | D:5      | Found an ornate altar of the Wu Jian Council.
  4769 | D:5      | Noticed Ijyb
  4770 | D:5      | Blown up by Ijyb

Levels and vault maps discovered:
D:1:      nicolae_arrival_washed_ashore, layout_basic
D:2:      layout_basic
D:3:      layout_basic, lemuel_doored_altar, uniq_grinder
D:4:      layout_cave_pods, uniq_blork_the_orc, uniq_menkaure
D:5:      kennysheep_six_static_rooms, layout_gridville,
          nemelex_xobeh_ov_fountains_minmay, gammafunk_temple_overflow_claw,
          portal_sewer_entry_b, first_ration, kennysheep_boxes, uniq_ijyb

Skill      XL: |  1  2  3  4  5  6  7 |
---------------+----------------------+-----
Maces & Flails | 3 6 7 9 |  9.8
Fighting       | |  3.2
Armour         | |  3.2
Shields        | |  3.2

Action                   |  1- 3 |  4- 6 |  7- 9 || total
-------------------------+-------+-------+-------++-------
Melee: Flail             |   141 |   114 |   184 ||   439
  Use: Potion            |     1 |     1 |     7 ||     9
       Scroll            |       |       |     7 ||     7
  Eat: Chunk             |     2 |       |       ||     2
       Ration            |     1 |       |     2 ||     3
Armor: Scale mail        |   104 |    57 |   100 ||   261
       Skin              |       |       |     9 ||     9
Dodge: Dodged            |    58 |    36 |    49 ||   143
Block: Shield            |    92 |    58 |    89 ||   239
